AoeStats
← Navix de los Bosques de Lituania

Arabia

503071397Analyzed
2v2 RM · 1mo ago on Aug 30, 2026· 33m 16s· 4 players
Game mode
Random Map
Map size
Medium (4 player)
Population
200
Speed
Normal
Resources
Standard
Victory
Conquest
Starting age
Dark Age
Ending age
Imperial Age
RankedLock teamsTeams togetherTeam positionsShared explorationLock speedFull tech treeHidden civsTurbo modeCheats
Victory
Defeat
🇨🇴 Slavs · Colombia
723
+14
678
+16
🇯🇵 Magyars · Japan
674
-15
🇨🇳 Aztecs · China
671
-15
疯狂DE明哥哥
1:42 Loom
11:53 Feudal Age
22:11 Castle Age
24:58 Elite Skirmisher
28:58 Town Watch
2769166824
0:32 Loom
10:55 Feudal Age
12:08 Man-at-Arms
13:54 Scale Mail Armor
Navix de los Bosques de Lituania
3:25 Loom
11:45 Feudal Age
12:34 Man-at-Arms
13:31 Arson
16:00 Scale Mail Armor
16:44 Long Swordsman
18:47 Forging
22:52 Double-Bit Axe
Derzer
10:29 Feudal Age
13:02 Man-at-Arms
17:12 Horse Collar
25:05 Castle Age
24:24 Double-Bit Axe
26:22 Bloodlines
26:46 Husbandry
27:46 Light Cavalry
Connection lost

Rejoining the realm…

Still unreachable

The connection could not be restored.

Session expired

The server has moved on; the page needs a fresh start.